 Dungeon Crawl Stone Soup version 0.19.1 (webtiles) character file.

287 Host24 the Skirmisher (level 6, -4/42 HPs)
             Began as a Kobold Hunter on Dec 26, 2016.
             Slain by Host24's ghost (14 damage)
             ... on level 3 of the Dungeon.
             The game lasted 00:05:31 (3303 turns).

Host24 the Skirmisher (Kobold Hunter)               Turns: 3303, Time: 00:05:32

Health: -4/42      AC:  2    Str: 10    XL:     6   Next: 56%
Magic:  6/6        EV: 16    Int: 12    God:
Gold:   55         SH:  4    Dex: 17    Spells: 0 memorised, 5 levels left

rFire  . . .     SeeInvis .     a - +1 hand crossbow
rCold  . . .     Gourm    .     j - +0 robe
rNeg   . . .     Faith    .     (shield restricted)
rPois  .         Spirit   .     (no helmet)
rElec  .         Reflect  +     (no cloak)
rCorr  .         Harm     .     (no gloves)
MR     .....                    (no boots)
Stlth  ++........               v - +4 amulet of reflection
                                (no ring)
                                (no ring)

@: no status effects
A: carnivore 3
a: no special abilities


You were on level 3 of the Dungeon.
You were completely stuffed.

You visited 1 branch of the dungeon, and saw 3 of its levels.

You collected 55 gold pieces.

Inventory:

Hand Weapons
 a - a +1 hand crossbow (weapon)
 b - a +0 short sword
Missiles
 d - 5 bolts (quivered)
 g - 68 stones
 h - 11 poisoned needles
 u - 30 arrows
Armour
 j - a +0 robe (worn)
Jewellery
 v - a +4 amulet of reflection (around neck)
Wands
 p - a wand of flame (19/48)
Scrolls
 l - a scroll of noise {unknown}
 m - a scroll of blinking {unknown}
 n - a scroll of magic mapping {unknown}
 q - a scroll of identify
 r - a scroll of fog {unknown}
 s - 2 scrolls of remove curse {unknown}
 t - a scroll of amnesia {unknown}
Potions
 c - a potion of lignification {unknown}
 e - a potion of might {unknown}
 i - a potion of heal wounds {unknown}
 o - a potion of curing {unknown}
Comestibles
 f - a meat ration
 k - a slice of pizza


   Skills:
 + Level 6.8 Fighting
 - Level 5.0 Crossbows
 - Level 3.0 Dodging
 - Level 1.3 Stealth


You had 5 spell levels left.
You didn't know any spells.

Dungeon Overview and Level Annotations

Branches:
Dungeon (3/15)

Altars:

Annotations:
D:3 Host24's ghost, amateur KoHu


Innate Abilities, Weirdness & Mutations

You are small and have problems with some larger weapons.
You are carnivorous and can eat meat at any time.


Message History

Host24's ghost hits you!
Firing (i - inventory. (,) - cycle):
d - 8 bolts (quivered)
Press: ? - help, Shift-Dir - straight line, f/p - Host24's ghost
Aim: Host24's ghost (severely damaged)
You shoot a bolt. The bolt hits Host24's ghost.
Host24's ghost is almost destroyed.
Host24's ghost hits you!
* * * LOW HITPOINT WARNING * * *
Firing (i - inventory. (,) - cycle):
d - 7 bolts (quivered)
Press: ? - help, Shift-Dir - straight line, f/p - Host24's ghost
Aim: Host24's ghost (almost destroyed)
You shoot a bolt.
The bolt completely misses Host24's ghost.
Host24's ghost closely misses you.
Firing (i - inventory. (,) - cycle):
d - 6 bolts (quivered)
Press: ? - help, Shift-Dir - straight line, f/p - Host24's ghost
Aim: Host24's ghost (almost destroyed)
You shoot a bolt. The bolt misses Host24's ghost.
Host24's ghost closely misses you. Host24's ghost hits you!
You die...

#'# #. #.# #. #.# #.
##.## #( ####...## #(
#.......#### #(
#.##........
#W######.###.######
#.@......# #.#
########## #.# #.# #.#
#.# #.# ### #.# ##.##
#########.######
##.#.###..............#


You could see Host24's ghost.

Vanquished Creatures
  Sigmund (D:3)
  Jessica (D:2)
  3 adders (D:2)
  2 worms
  2 dart slugs (D:1)
  A leopard gecko (D:1)
  3 orcs (D:3)
  4 giant cockroaches
  4 goblins
  11 hobgoblins
  4 jackals (D:2)
  A quokka (D:3)
  11 bats
  6 frilled lizards
  9 kobolds
  6 rats
69 creatures vanquished.

Notes
Turn   | Place    | Note
-------+----------+-------------------------------------------
     0 | D:1      | Host24 the Kobold Hunter began the quest for the Orb.
     0 | D:1      | Reached XP level 1. HP: 12/12 MP: 1/1
   229 | D:1      | Reached XP level 2. HP: 14/18 MP: 2/2
   259 | D:1      | Reached skill level 3 in Fighting
   778 | D:1      | Reached XP level 3. HP: 11/23 MP: 3/3
   991 | D:1      | Reached skill level 5 in Crossbows
  1259 | D:2      | Noticed Jessica
  1689 | D:2      | Reached XP level 4. HP: 23/29 MP: 4/4
  1779 | D:2      | Reached skill level 4 in Fighting
  1916 | D:2      | Killed Jessica
  1994 | D:2      | Reached XP level 5. HP: 7/34 MP: 5/5
  2383 | D:2      | Reached skill level 5 in Fighting
  2916 | D:3      | Noticed Sigmund
  2922 | D:3      | Killed Sigmund
  2922 | D:3      | Reached skill level 6 in Fighting
  2922 | D:3      | Reached XP level 6. HP: 30/42 MP: 6/6
  3290 | D:3      | Noticed Host24's ghost (amateur KoHu)
  3303 | D:3      | Slain by Host24's ghost

Skill      XL: |  1  2  3  4  5 |
---------------+----------------+-----
Fighting       | 3 4 6 |  6.8
Dodging        | 3 |  3.0
Crossbows      | 5 |  5.0
Stealth        | |  1.3

Action                   |  1- 3 |  4- 6 || total
-------------------------+-------+-------++-------
Melee: Short sword       |   112 |   135 ||   247
 Fire: Hand crossbow     |     4 |    29 ||    33
  Use: Scroll            |       |     1 ||     1
 Stab: Sleeping          |     6 |     4 ||    10
  Eat: Chunk             |    11 |     5 ||    16
Armor: Robe              |    18 |    18 ||    36
       Leather armour    |     1 |       ||     1
Dodge: Dodged            |   111 |   144 ||   255
